 Dungeon Crawl Stone Soup version 0.31-a0-691-g409c26aa35 (webtiles) character file.

Game seed: 15467631558151945280

71 ytrimaz the Insei (level 4, 0/42 HPs)
             Began as an Octopode Shapeshifter on Sept 6, 2023.
             Slain by an ogre
             ... wielding a +0 giant club
              (10 damage)
             ... on level 3 of the Dungeon.
             The game lasted 00:01:41 (1811 turns).

ytrimaz the Insei (Octopode Shapeshifter)           Turns: 1811, Time: 00:01:41

Health: 0/42       AC: 22    Str: 13    XL:     4   Next: 24%
Magic:  4/4        EV:  2    Int: 12    God:
Gold:   67         SH:  0    Dex: 13    Spells: 3/3 levels left

rFire   . .          .
                       - Unarmed
rCold   . . .        (no shield)
rNeg    . . .        (helmet currently unavailable)
rPois   +            (no amulet)
rElec   .            (no ring)
rCorr   .            (no ring)
SInv    .            (no ring)
Will    .....        (no ring)
Stlth   +            (no ring)
HPRegen 0.27/turn    (no ring)
MPRegen 0.09/turn    (no ring)
                     (no ring)

%: no passive effects
@: tree-form
A: stationary, stasis, torment immunity, boosted hp, almost no armour,
(amphibious), 8 rings, (camouflage 1), (gelatinous body 1), (nimble swimmer 1),
(tentacles)
a: no special abilities


You were on level 3 of the Dungeon.
You were a tree.
You visited 1 branch of the dungeon, and saw 3 of its levels.

You collected 67 gold pieces.


Innate Abilities, Weirdness & Mutations

You are a tree.
Your roots penetrate the ground, keeping you stationary.
You cannot be teleported.
You are immune to unholy pain and torment.
Your maximum health is greatly increased.
You cannot wear most types of armour.
((You are amphibious.))
You can wear up to eight rings at the same time.
((Your skin changes colour to match your surroundings (Stealth+).))
((Your rubbery body absorbs attacks. (AC +1, EV +1)))
((You are camouflaged when in or above water. (Stealth+)))
((You have tentacles for arms and can constrict up to eight enemies at once.))


   Skills:
 - Level 1.0 Fighting
 - Level 2.0 Dodging
 + Level 4.1 Unarmed Combat
 + Level 3.9 Shapeshifting


You had 3 spell levels left.
You didn't know any spells.
Your spell library contained the following spells:

 Spells                   Type           Power      Damage    Failure   Level
 Inner Flame              Hex/Fire       0%         N/A       69%         3
 Yara's Violent Unravell  Hex/Tmut       0%         3d3       100%        5
 Enfeeble                 Hex            0%         N/A       100%        7

Inventory:

Talismans
 b - a beast talisman
 c - a flux talisman
Scrolls
 d - 2 scrolls of vulnerability {unknown}
 e - a scroll of identify {unknown}
 i - a scroll of revelation {unknown}
 j - a scroll of enchant weapon {unknown}
 n - a scroll of teleportation {unknown}
Potions
 f - 2 potions of degeneration {unknown}
 g - a potion of curing {unknown}
 h - a potion of enlightenment {unknown}
 k - a potion of magic {unknown}
 l - a potion of mutation {unknown}
 m - a potion of attraction {unknown}

Dungeon Overview and Level Annotations

Branches:
Dungeon (3/15) Zot: 16195

Altars:

.# ......###. ...
........ ...##.#....
..........##
...#.......##
...)........#
#....O....# #.....#
##....♣....## #.....#
#>...)......###.....#
#.............#.....#
#.##...##..##.......#
# #8...8#..#
#......### ##...##..#
#......†. #...##..#
#..<.....
#...##..####......>.
8...8#..........####


You could see an ogre.


Message History

You now have 67 gold pieces (gained 10).
Key pressed, stopping explore.
A kobold comes into view. It is wielding a +0 club.
A kobold is nearby!
A kobold is nearby!
A kobold is nearby!
A kobold is nearby!
You tentacle-slap the kobold. Your grab misses the kobold.
Your squeeze misses the kobold. The kobold barely misses you.
You tentacle-slap the kobold.
You kill the kobold!
Things that are here:
a +0 club; a stone; a kobold corpse No target in view!
A kobold comes into view. It is wielding a +0 club.
A kobold is nearby!
A kobold is nearby!
A kobold is nearby!
The helpless kobold fails to defend itself.
You tentacle-slap the kobold. Your grab misses the kobold.
You squeeze the kobold, but do no damage.
The kobold misses you.
You barely miss the kobold. Your grab misses the kobold. The kobold misses you.
You closely miss the kobold. You grab the kobold. You squeeze the kobold.
You kill the kobold!
Things that are here:
a +0 club; 5 stones Key pressed, stopping explore.
Key pressed, stopping explore.
There is an open door here.
You see here 3 curare-tipped darts.
Key pressed, stopping explore.
Key pressed, stopping explore.
Done exploring.
Done exploring.
Done exploring.
Done exploring.
Done exploring.
There is a stone staircase leading down here.
You climb downwards.
Found an escape hatch in the floor.
There is a stone staircase leading up here.
A giant cockroach is nearby!
A giant cockroach is nearby!
The giant cockroach bites you. 😕 HP[-1]
You take 1 damage, and now have 27/28 hp.
You tentacle-slap the giant cockroach but do no damage.
You grab the giant cockroach. You tentacle-slap the giant cockroach.
You kill the giant cockroach!
You see here a giant cockroach corpse. 😎 HP[+1]
Your hp is fully restored (28).
No target in view!
A goblin and a hobgoblin come into view.
There are monsters nearby!
There are monsters nearby!
There are monsters nearby!
Found a stone staircase leading down.
The goblin shouts!
The hobgoblin shouts!
You hear a shout!
An ogre comes into view. It is wielding a +0 giant club.
The ogre shouts!
You hear a shout!
The goblin hits you with a +0 club. 😕 HP[-1]
You take 1 damage, and now have 27/28 hp.
You tentacle-slap the goblin.
You kill the goblin!
The hobgoblin barely misses you.
You tentacle-slap the hobgoblin.
You kill the hobgoblin!
You see here a +0 leather armour. 😎 HP[+1]
Your hp is fully restored (28).
You barely miss the ogre.
The ogre hits you with a +0 giant club!!
Ouch! That really hurt!
* * * LOW HITPOINT WARNING * * *
You closely miss the ogre.
Your tentacle-slap misses the ogre.
The ogre barely misses you. 😨 HP[-18]
You take 18 damage, and now have 10/28 hp.
MASSIVE DAMAGE!! (PAUSE)
You tentacle-slap the ogre.
Unknown command.
Your transformation has ended.
You turn into a tree.
Your roots penetrate the ground.
The ogre hits you but does no damage. 😨 HP[+6]
You now have 42 max hp (+14).
You regained 6 hp, and now have 16/42 hp.
Unknown command.
You hit the ogre. The ogre hits you with a +0 giant club!
* * * LOW HITPOINT WARNING * * *
😱 HP[-7]
You take 7 damage, and now have 9/42 hp.
You hit the ogre.
Unknown command.
You closely miss the ogre. You punch the ogre.
The ogre hits you with a +0 giant club!
You die...

Skill      XL: |  1  2  3 |
---------------+----------+-----
Unarmed Combat | 4 |  4.1
Fighting       | |  1.0
Dodging        | |  2.0
Shapeshifting  | |  3.9

Action                     |  1- 3 |  4- 6 || total
---------------------------+-------+-------++-------
  Melee: Unarmed           |    84 |    20 ||   104
         Constrict         |    20 |     2 ||    22
         Tentacles         |     9 |     2 ||    11
         Punch             |     5 |     2 ||     7
    Use: Potion            |       |     1 ||     1
   Stab: Sleeping          |     3 |     4 ||     7
 Armour: Skin              |    52 |     9 ||    61
  Dodge: Dodged            |    66 |     8 ||    74

Levels and vault maps discovered:
D:1:      dpeg_arrival_shrine, layout_basic
D:2:      layout_basic
D:3:      layout_rooms, nicolae_wu_jian_immortal_techniques,
          serial_corexii_hall, corexii_hall_statues_i, corexii_hall_statues_x

Notes
Turn   | Place    | Note
-------+----------+-------------------------------------------
     0 | D:1      | ytrimaz the Octopode Shapeshifter began the quest for the
                  | Orb.
     0 | D:1      | Reached XP level 1. HP: 13/13 MP: 1/1
     0 | D:1      | magus.rc [v1.9.6]
    79 | D:1      | Reached XP level 2. HP: 16/18 MP: 2/2
   447 | D:1      | Reached XP level 3. HP: 12/23 MP: 3/3
   957 | D:2      | You pick up a book of Misfortune and begin reading...
   957 | D:2      | You add the spells Inner Flame, Yara's Violent Unravelling
                  | and Enfeeble to your library.
  1285 | D:2      | Reached skill level 4 in Unarmed Combat
  1285 | D:2      | Reached XP level 4. HP: 20/28 MP: 4/4
  1800 | D:3      | Noticed an ogre
  1809 | D:3      | HP: 9/42 [ogre/+0 giant club (7)]
  1811 | D:3      | Slain by an ogre

Vanquished Creatures
  An adder (D:2)
  A worm (D:2)
  3 endoplasms
  6 giant cockroaches
  7 goblins
  3 hobgoblins
  7 jackals
  3 quokkas
  4 ball pythons
  8 bats
  2 frilled lizards (D:2)
  3 kobolds
  2 rats
50 creatures vanquished.

Table legend:
 A = Non-vault XP
 B = Vault XP
 C = Vault XP percentage of total XP
 D = Non-vault monster count
 E = Vault monster count
 F = Vault count percentage of total count
                 A         B        C        D         E       F
            +---------+---------+-------+---------+---------+-------
      Total |     102 |       0 |   0.0 |      50 |       0 |   0.0
            +---------+---------+-------+---------+---------+-------
        D:1 |      49 |       0 |   0.0 |      28 |       0 |   0.0
        D:2 |      47 |       0 |   0.0 |      19 |       0 |   0.0
        D:3 |       6 |       0 |   0.0 |       3 |       0 |   0.0
            +---------+---------+-------+---------+---------+-------

Skill      XL: |  1  2  3 |
---------------+----------+-----
Unarmed Combat | 4 |  4.1
Fighting       | |  1.0
Dodging        | |  2.0
Shapeshifting  | |  3.9

Action                     |  1- 3 |  4- 6 || total
---------------------------+-------+-------++-------
  Melee: Unarmed           |    84 |    20 ||   104
         Constrict         |    20 |     2 ||    22
         Tentacles         |     9 |     2 ||    11
         Punch             |     5 |     2 ||     7
    Use: Potion            |       |     1 ||     1
   Stab: Sleeping          |     3 |     4 ||     7
 Armour: Skin              |    52 |     9 ||    61
  Dodge: Dodged            |    66 |     8 ||    74

Illustrated notes

Table legend:
 A = Kills in this place as a percentage of kills in the entire game.
 B = Kills by you in this place as a percentage of kills by you in the entire game.
 C = Kills by friends in this place as a percentage of kills by friends in the entire game.
 D = Other kills in this place as a percentage of other kills in the entire game.
 E = Experience gained in this place as a percentage of experience gained in the entire game.
 F = Experience gained in this place divided by the number of levels of this place that you have seen.
                   A       B       C       D       E      F
               +-------+-------+-------+-------+-------+----------------------
         Total | 100.0 | 100.0 |   N/A |   N/A | 100.0 |  34.0
       Dungeon | 100.0 | 100.0 |   N/A |   N/A | 100.0 |  34.0
               +-------+-------+-------+-------+-------+----------------------

Table legend: (Time is in decaauts)
 A = Elapsed time spent in this place.
 B = Non-inter-level travel time spent in this place.
 C = Inter-level travel time spent in this place.
 D = Time resting spent in this place.
 E = Time spent auto-exploring this place.
 F = Levels seen in this place.
 G = Mean time per level.
                   A        B        C        D        E       F      G
               +--------+--------+--------+--------+--------+-----+--------+
         Total |   1803 |   1737 |     66 |      0 |   1379 |   3 |  601.0 |
       Dungeon |   1803 |   1737 |     66 |      0 |   1379 |   3 |  601.0 |
               +--------+--------+--------+--------+--------+-----+--------+

Top non-repeatable levels by time:
     D:2: 892 daAuts
     D:1: 875 daAuts
     D:3: 36 daAuts
